 Dungeon Crawl Stone Soup version 0.24-a0-243-g8f5f5cd (webtiles) character file.

Game seed: 9135606458654217408

54715 ohad the Black Belt (level 14, -1/101 HPs)
             Began as an Octopode Transmuter on Apr 9, 2019.
             Was an Initiate of Gozag.
             Slain by Rupert
             ... wielding a +1 battleaxe of flaming
              (6 damage)
             ... while paralysed by Rupert
             ... on level 12 of the Dungeon.
             The game lasted 01:17:39 (28324 turns).

ohad the Black Belt (Octopode Transmuter)          Turns: 28324, Time: 01:17:40

Health: -1/101     AC:  1    Str: 18    XL:     14   Next: 74%
Magic:  10/21      EV:  2    Int: 19    God:    Gozag
Gold:   1092       SH:  0    Dex: 12    Spells: 7/22 levels left

rFire    . . .     SeeInvis +     - Unarmed
rCold    . . .     Gourm    .   (shield currently unavailable)
rNeg     . . .     Faith    .   L - +0 hat {SInv}
rPois    .         Spirit   .   x - +3 amulet of reflection
rElec    +         Reflect  +   k - +5 ring of strength
rCorr    +         Harm     .   H - +2 ring of evasion
MR       +....                  Z - ring "Nipok" {Wiz +Blink rElec Str+2}
Stlth    ++++......             P - +4 ring of slaying
HPRegen  0.26/turn              Q - ring of resist corrosion
MPRegen  0.17/turn              (no ring)
                                (no ring)
                                (no ring)

@: paralysed, blade tentacles (expiring), lightly drained
A: almost no armour, stealthy swim, amphibious, 8 rings, constrict 8, camouflage
1, gelatinous body 1
a: End Transformation, Potion Petition, Call Merchant, Bribe Branch, Renounce
Religion, Evoke Blink


You were on level 12 of the Dungeon.
You worshipped Gozag.
Gozag was most pleased with you.
You were not hungry.
You had blades for tentacles.
You visited 4 branches of the dungeon, and saw 21 of its levels.
You also visited: Ossuary.

You collected 5814 gold pieces.
You spent 2985 gold pieces at shops.
You paid 1737 gold pieces to Gozag.

Inventory:

Hand Weapons
 g - a +0 dagger of draining
 z - a +4 quarterstaff of chaos
 O - a +0 hand axe of distortion
Missiles
 a - 321 arrows
 f - 3 throwing nets (quivered)
Armour
 w - a +0 shield
 L - a +0 hat of see invisible (worn)
Magical Staves
 p - an uncursed staff of power {unknown}
 V - an uncursed staff of conjuration {unknown}
Jewellery
 k - a +5 ring of strength (left scythe-like blade)
 x - a +3 amulet of reflection (around mantle)
 D - the amulet "Toal" {Inacc MP+9 SInv}
   (You found it on level 7 of the Dungeon)

   [amulet of inaccuracy]

   It reduces the accuracy of all your attacks.
   It affects your magic capacity (+9).
   It lets you see invisible.
 H - a +2 ring of evasion (right scythe-like blade)
 M - an uncursed ring of wizardry
 P - a +4 ring of slaying (on tentacle)
 Q - a ring of resist corrosion (on tentacle)
 Z - the ring "Nipok" (on tentacle) {Wiz +Blink rElec Str+2}
   (You bought it in a shop on level 2 of the Orcish Mines)

   [ring of wizardry]

   It improves your spell success rate.
   It affects your strength (+2).
   It insulates you from electricity.
   It lets you blink.
Wands
 m - a wand of polymorph (3)
 A - a wand of iceblast (11)
 F - a wand of flame (46)
 S - a wand of acid (12)
 W - a wand of disintegration (21)
Scrolls
 e - 2 scrolls of amnesia {unknown}
 h - 4 scrolls of immolation {unknown}
 l - 6 scrolls of teleportation
 n - 2 scrolls of enchant weapon {unknown}
 o - 6 scrolls of remove curse
 r - 5 scrolls of magic mapping {unknown}
 t - 2 scrolls of fear {unknown}
 v - a scroll of fog {unknown}
 y - 2 scrolls of blinking {unknown}
 B - 2 scrolls of enchant armour {unknown}
 E - a scroll of random uselessness {unknown}
 G - a scroll of acquirement {unknown}
 I - 7 scrolls of silence
 R - a scroll of vulnerability
 U - a scroll of brand weapon
 Y - a scroll of summoning
Potions
 b - 3 potions of magic
 d - 4 potions of lignification
 i - 2 potions of might
 j - a potion of flight
 q - 13 potions of curing
 s - 6 potions of brilliance
 u - 3 potions of heal wounds
 C - 4 potions of haste
 J - 2 potions of degeneration
 K - a potion of mutation {unknown}
Miscellaneous
 N - a lamp of fire
 T - a sack of spiders
Comestibles
 c - 9 rations


   Skills:
 - Level 11.2(10.9) Fighting
 - Level 12.8(12.5) Dodging
 - Level 7.2(7.0) Stealth
 + Level 15.8(15.5) Unarmed Combat
 - Level 4.8(4.6) Spellcasting
 - Level 6.1(5.9) Transmutations
 - Level 3.7(3.5) Ice Magic


You had 7 spell levels left.
You knew the following spells:

 Your Spells              Type           Power        Failure   Level  Hunger
a - Beastly Appendage     Tmut           ####..       6%          1    None
b - Sticks to Snakes      Tmut           ####....     9%          2    #......
c - Spider Form           Tmut/Pois      ###.......   22%         3    ###....
d - Ice Form              Ice/Tmut       ###.....     30%         4    ####...
e - Blade Hands           Tmut           ####......   41%         5    ######.

Your spell library contained the following spells:

 Spells                   Type           Power        Failure   Level  Hunger
 Animate Skeleton         Necr           N/A          24%         1    None
 Apportation              Tloc           #.....       24%         1    None
 Confusing Touch          Hex            #.....       24%         1    None
 Summon Small Mammal      Summ           #...         24%         1    None


Dungeon Overview and Level Annotations

Branches:
Dungeon (12/15)            Temple (1/1) D:5            Lair (6/6) D:10
 Shoals (0/4) Lair:3       Spider (0/4) Lair:4        Slime (0/5) Lair:5
    Orc (2/2) D:9             Elf (0/3) Orc:2

Altars:
Ashenzari
Cheibriados
Gozag
Makhleb
Nemelex Xobeh
Qazlal
Ru
Sif Muna
Trog
Vehumet
Wu Jian
Yredelemnul
Zin
Beogh

Shops:
D:4 !   D:8 (   D:9 =   Orc:2 (**

Annotations:
D:12 Rupert
Lair:6 2 runed translucent doors


Innate Abilities, Weirdness & Mutations

You cannot wear most types of armour.
You are very stealthy in the water. (Stealth+)
You are amphibious.
You can wear up to eight rings at the same time.
You can use your tentacles to constrict eight enemies at once.
Your skin changes colour to match your surroundings (Stealth+).
Your rubbery body absorbs attacks. (AC +1, EV +1)


Message History

Rupert hits you with a +1 battleaxe of flaming!!
* * * LOW HITPOINT WARNING * * *
Rupert burns you.
* * * LOW HITPOINT WARNING * * *
Rupert closely misses your ball python.
Rupert hits your adder with a +1 battleaxe of flaming!
Rupert burns your adder.
Your adder dies!
Your ball python bites Rupert.
Your ball python constricts Rupert.
Your ball python bites Rupert but does no damage.
Your ball python constricts Rupert.
Rupert roars wildly at you.
You shrug off the repeated paralysis!
Your ball python bites Rupert but does no damage.
Your ball python constricts Rupert.
Rupert hits you with a +1 battleaxe of flaming!!
* * * LOW HITPOINT WARNING * * *
Rupert burns you.
You die...
Your body crumbles into a pile of gold.

##.## #### #..#
#... #.##
######... ##.#
####....'... .
##..###....####...
... #..#....####
#...
.....####S#..####
####
........@...##
.....####@### ##.
##S# #SS# #.##
##.########
#.........#
#.........####
#.##....)..<....#
#.......)))..##.+


You could see Rupert and 4 friendly ball pythons.

Vanquished Creatures
  Gastronok (D:10)
  6 hydras
  A centaur warrior (Orc:2)
  A two-headed ogre (D:8)
  14 death yaks
  Nergalle (D:11)
  A lindwurm (Lair:6)
  A necromancer (Lair:3)
  A cyclops (Orc:1)
  2 ugly things
  6 elephants (Lair:6)
  An orc sorcerer (Orc:2)
  Maurice (Orc:2)
  7 black mambas (Lair:6)
  2 molten gargoyles (Lair:6)
  Psyche (D:10)
  A torpor snail (Lair:2)
  7 spiny frogs
  9 komodo dragons
  2 rime drakes
  2 trolls
  5 blink frogs (Lair:5)
  A polar bear (Lair:6)
  Grinder (D:4)
  8 slime creatures
  6 hippogriffs
  A wraith (D:12)
  Sigmund (D:4)
  Eustachio (D:4)
  A vampire (D:10)
  4 wyverns
  30 yaks
  7 basilisks
  7 vampire mosquitoes (Lair:6)
  2 steam dragons (Lair:6)
  Grum (D:10)
  2 insubstantial wisps (Lair:6)
  A warg (Orc:2)
  12 water moccasins
  5 hell hounds (Lair:6)
  7 porcupines
  A hornet zombie (D:10)
  2 phantoms
  3 black bears
  26 orc warriors
  A necrophage (D:6)
  An ice beast (D:10)
  7 ogres
  9 wolves
  15 centaurs
  10 crocodiles
  3 big kobolds
  10 bullfrogs
  4 water moccasin zombies (Ossuary)
  5 scorpions
  5 killer bees
  An oklob sapling (D:5)
  8 wights (D:11)
  4 howler monkeys
  5 lava snakes
  7 crimson imps
  A bullfrog zombie (D:7)
  A quasit (D:9)
  3 hounds
  15 orc priests
  Crazy Yiuf (D:5)
  10 orc wizards
  3 bullfrog skeletons
  A gnoll shaman (D:4)
  4 jellies
  A centaur skeleton (D:8)
  Terence (D:2)
  8 worker ants
  9 iguanas
  3 yak simulacra (Lair:3)
  4 polar bear simulacra (Lair:3)
  2 wolf simulacra (Lair:3)
  A big kobold zombie (Ossuary)
  A hound zombie (D:7)
  2 mummies (Ossuary)
  A hound skeleton (D:8)
  A howler monkey zombie (D:8)
  A worker ant zombie (D:9)
  10 adders
  10 gnolls
  A howler monkey skeleton (D:7)
  3 shadow imps
  An ooze (D:1)
  7 adder zombies (Ossuary)
  3 adder skeletons
  5 worms
  4 dart slugs
  3 leopard geckos
  49 orcs
  A ball python (D:3)
  4 bats
  11 giant cockroaches
  4 gnoll zombies (Ossuary)
  7 goblins
  8 hobgoblins
  12 jackals
  4 quokkas
  2 frilled lizards (D:1)
  5 hobgoblin zombies (Ossuary)
  A jackal skeleton (D:4)
  17 kobolds
  2 kobold zombies (Ossuary)
  A leopard gecko zombie (D:9)
  7 orc zombies (Ossuary)
  9 rats
  2 river rat simulacra (Lair:3)
  A plant (D:5)
566 creatures vanquished.

Vanquished Creatures (collateral kills)
  A basilisk (Lair:6)
  A phantom (D:5)
  An adder (D:2)
  An adder zombie (D:6)
  3 orcs
7 creatures vanquished.

Vanquished Creatures (others)
  3 orc warriors (Orc:2)
  An orc (Orc:2)
  2 bushes (Lair:6)
  10 fungi
  10 plants
26 creatures vanquished.

Grand Total: 599 creatures vanquished

Notes
Turn   | Place    | Note
-------+----------+-------------------------------------------
     0 | D:1      | ohad the Octopode Transmuter began the quest for the Orb.
     0 | D:1      | Reached XP level 1. HP: 13/13 MP: 3/3
    41 | D:1      | Reached XP level 2. HP: 7/18 MP: 3/5
   862 | D:1      | Reached XP level 3. HP: 17/23 MP: 6/6
   874 | D:1      | Learned a level 2 spell: Sticks to Snakes
   878 | D:1      | Learned a level 3 spell: Spider Form
  1383 | D:2      | Noticed Terence
  1394 | D:2      | Killed Terence
  1394 | D:2      | Reached XP level 4. HP: 24/28 MP: 1/7
  2095 | D:2      | Reached skill level 5 in Transmutations
  2341 | D:2      | Reached XP level 5. HP: 27/33 MP: 4/8
  3003 | D:2      | Found a stormy altar of Qazlal.
  3006 | D:2      | Found a sacrificial altar of Ru.
  3006 | D:2      | Found a deep blue altar of Sif Muna.
  3019 | D:2      | Found a basalt altar of Yredelemnul.
  3023 | D:2      | Found a sparkling altar of Nemelex Xobeh.
  3177 | D:2      | Found a sparkling altar of Nemelex Xobeh.
  3230 | D:3      | Found a glowing silver altar of Zin.
  3458 | D:3      | Learned a level 4 spell: Ice Form
  3988 | D:4      | Reached skill level 1 in Ice Magic
  3988 | D:4      | Reached XP level 6. HP: 22/38 MP: 6/10
  4303 | D:4      | Noticed Eustachio
  4328 | D:4      | Killed Eustachio
  4393 | D:4      | Noticed Sigmund
  4395 | D:4      | Noticed Grinder
  4608 | D:4      | Found Wabitt's Distillery.
  4658 | D:4      | Bought a potion of curing for 39 gold pieces
  4658 | D:4      | Bought a potion of heal wounds for 65 gold pieces
  4658 | D:4      | Bought a potion of berserk rage for 65 gold pieces
  5160 | D:4      | Reached XP level 7. HP: 43/43 MP: 2/12
  5598 | D:4      | Killed Grinder
  5800 | D:4      | Killed Sigmund
  6042 | D:5      | Entered Level 5 of the Dungeon
  6045 | D:5      | Reached XP level 8. HP: 48/48 MP: 10/15
  6093 | D:5      | Found a shattered altar of Ashenzari.
  6200 | D:5      | Reached skill level 4 in Unarmed Combat
  6393 | D:5      | Found a staircase to the Ecumenical Temple.
  6424 | Temple   | Entered the Ecumenical Temple
  6452 | Temple   | Became a worshipper of Gozag Ym Sagoz the Greedy
  6620 | D:5      | Reached skill level 5 in Unarmed Combat
  6857 | D:5      | Found a runed translucent door.
  6858 | D:5      | Noticed Crazy Yiuf
  6863 | D:5      | Killed Crazy Yiuf
  7402 | D:6      | Found a radiant altar of Vehumet.
  7414 | D:6      | Reached skill level 6 in Unarmed Combat
  7680 | D:6      | Found a burning altar of Makhleb.
  8094 | D:7      | Reached skill level 7 in Unarmed Combat
  8158 | D:7      | Noticed a deep elf mage
  8158 | D:7      | Noticed a seven-headed hydra
  8203 | D:7      | Reached XP level 9. HP: 41/54 MP: 11/16
  8347 | D:7      | Noticed an eight-headed hydra
  8774 | D:7      | Got a smoking silver amulet
  8776 | D:7      | Identified the amulet "Toal" {Inacc MP+9 SInv} (You found
                  | it on level 7 of the Dungeon)
  8862 | D:8      | Found a sand-covered staircase.
  8868 | Ossuary  | Entered an ossuary
  9031 | Ossuary  | Reached skill level 1 in Stealth
  9283 | D:8      | Found Ifauw's Antique Weapon Boutique.
  9315 | D:8      | Noticed a two-headed ogre
  9336 | D:8      | Killed a two-headed ogre
  9603 | D:8      | Reached skill level 5 in Dodging
  9676 | D:8      | Reached XP level 10. HP: 69/69 MP: 13/17
 11446 | D:9      | Found a staircase to the Orcish Mines.
 11762 | D:9      | Reached skill level 8 in Unarmed Combat
 11896 | D:9      | Found a radiant altar of Vehumet.
 11917 | D:9      | Found a snail-covered altar of Cheibriados.
 12336 | D:9      | Reached skill level 9 in Unarmed Combat
 12405 | D:9      | Bought a +2 ring of evasion for 110 gold pieces
 12436 | D:10     | Entered Level 10 of the Dungeon
 12694 | D:10     | Noticed Grum
 12696 | D:10     | Noticed a death yak
 12697 | D:10     | Noticed a death yak
 12698 | D:10     | Noticed a death yak
 12702 | D:10     | Noticed a death yak
 12725 | D:9      | Killed a death yak
 12725 | D:9      | Reached skill level 10 in Unarmed Combat
 12725 | D:9      | Reached XP level 11. HP: 25/74 MP: 12/18
 13022 | D:10     | Noticed a death yak
 13049 | D:9      | Killed a death yak
 13286 | D:9      | Killed a death yak
 13286 | D:9      | Reached skill level 11 in Unarmed Combat
 13430 | D:10     | Noticed Psyche
 13436 | D:10     | Killed Psyche
 13437 | D:10     | Found a staircase to the Lair.
 13446 | D:10     | Noticed a cyan ugly thing
 13457 | D:10     | Killed a cyan ugly thing
 13462 | D:10     | Killed Grum
 13650 | D:10     | Noticed Gastronok
 13665 | D:10     | Killed Gastronok
 13947 | D:10     | Learned a level 5 spell: Blade Hands
 14088 | D:10     | Noticed a death yak
 14088 | D:10     | Noticed a death yak
 14134 | D:9      | Killed a death yak
 14349 | D:9      | Killed a death yak
 14533 | D:10     | Killed a death yak
 14545 | D:10     | Killed a death yak
 14545 | D:10     | Reached XP level 12. HP: 47/85 MP: 14/19
 15146 | D:11     | Noticed an eight-headed hydra
 15361 | D:11     | Reached skill level 5 in Stealth
 15534 | D:9      | Bought a +4 ring of slaying for 858 gold pieces
 15587 | Lair:1   | Entered Level 1 of the Lair of Beasts
 16289 | Lair:2   | Noticed a seven-headed hydra
 16300 | Lair:2   | Killed a seven-headed hydra
 16476 | Lair:2   | Reached skill level 10 in Dodging
 16610 | Lair:2   | Noticed a five-headed hydra
 16636 | Lair:2   | Killed a five-headed hydra
 16674 | Lair:2   | Noticed a six-headed hydra
 16696 | Lair:2   | Killed a six-headed hydra
 16884 | Lair:2   | Reached skill level 10 in Fighting
 16938 | Lair:2   | Noticed a death yak
 16952 | Lair:1   | Killed a death yak
 17122 | Lair:2   | Reached skill level 12 in Unarmed Combat
 18342 | Lair:3   | Reached XP level 13. HP: 92/92 MP: 16/20
 18405 | Lair:3   | Found a staircase to the Shoals.
 18420 | Lair:3   | Reached skill level 13 in Unarmed Combat
 19360 | Lair:4   | Found an ornate altar of the Wu Jian Council.
 19586 | Lair:4   | Found a hole to the Spider Nest.
 20211 | Lair:5   | Reached skill level 14 in Unarmed Combat
 20916 | Lair:5   | Found a staircase to the Slime Pits.
 21474 | Lair:6   | Entered Level 6 of the Lair of Beasts
 21929 | Lair:6   | Reached XP level 14. HP: 101/101 MP: 17/21
 22287 | Lair:6   | Found a large runed translucent door.
 22576 | Lair:6   | Found a large runed translucent door.
 24468 | Orc:1    | Entered Level 1 of the Orcish Mines
 24469 | Orc:1    | Noticed Maurice
 24550 | Orc:1    | Reached skill level 15 in Unarmed Combat
 25129 | Orc:2    | Entered Level 2 of the Orcish Mines
 25136 | Orc:2    | Killed Maurice
 26363 | Orc:2    | Found Siwn's General Store.
 26364 | Orc:2    | Found Gyaram's Food Emporium.
 26364 | Orc:2    | Found Tenum's General Store.
 26370 | Orc:2    | Found Bihyarey's Weapon Shoppe.
 26377 | Orc:2    | Bought a ration for 65 gold pieces
 26377 | Orc:2    | Bought a ration for 65 gold pieces
 26377 | Orc:2    | Bought a ration for 65 gold pieces
 26377 | Orc:2    | Bought a ration for 65 gold pieces
 26377 | Orc:2    | Bought a ration for 65 gold pieces
 26377 | Orc:2    | Bought a ration for 65 gold pieces
 26377 | Orc:2    | Bought a ration for 65 gold pieces
 26377 | Orc:2    | Bought a ration for 65 gold pieces
 26377 | Orc:2    | Bought a ration for 65 gold pieces
 26382 | Orc:2    | Bought a potion of heal wounds for 50 gold pieces
 26382 | Orc:2    | Bought a potion of haste for 100 gold pieces
 26382 | Orc:2    | Bought 2 potions of heal wounds for 100 gold pieces
 26382 | Orc:2    | Bought a ration for 50 gold pieces
 26382 | Orc:2    | Bought a scroll of remove curse for 30 gold pieces
 26384 | Orc:2    | Bought a scroll of identify for 28 gold pieces
 26384 | Orc:2    | Bought a scroll of summoning for 133 gold pieces
 26384 | Orc:2    | Bought the ring "Nipok" {Wiz +Blink rElec Str+2} for 772
                  | gold pieces
 26396 | Orc:2    | Found a staircase to the Elven Halls.
 27048 | Orc:2    | Found a roughly hewn altar of Beogh.
 27223 | Orc:1    | Found a bloodstained altar of Trog.
 27506 | D:11     | Noticed Nergalle
 27524 | D:11     | Killed Nergalle
 28305 | D:12     | Noticed Rupert
 28321 | D:12     | Paralysed by Rupert for 3 turns
 28324 | D:12     | HP: 5/101 [Rupert/+1 battleaxe of flaming (20)]
 28324 | D:12     | Slain by Rupert

Levels and vault maps discovered:
D:1:      lightli_arrival_flooded_house, layout_basic
D:2:      layout_rooms, minmay_overflow_temple_star_hex,
          nemelex_diamond_rough_becter, uniq_terence
D:3:      layout_loops_ring, old_standard_altar, chequers_jeans, st_stairs_7,
          roderic_cross_of_infinity
D:4:      layout_basic, serial_shops, nicolae_shop_waterfront, first_ration,
          uniq_eustachio, uniq_grinder, uniq_sigmund
D:5:      layout_basic, ashenzari_altar_1, minmay_temple_entry_oklob,
          uniq_crazy_yiuf_cottage
D:6:      layout_basic, lightli_temple_of_fire, basic_altar
D:7:      minmay_chambers_of_sevens, layout_basic
D:8:      layout_loops_corners, serial_shops, shop, nicolae_ossuary_entry_plus,
          grunt_ogre_cave, hex_large, lightli_orcish_oven
D:9:      layout_rooms, slow_altar_1, david_orc_2, solitary_fountain,
          vehumet_altar_wand_db
D:10:     layout_loops_cross, dpeg_lair_monsters, uniq_grum, uniq_gastronok,
          uniq_psyche
D:11:     layout_cave_pods, uniq_nergalle
D:12:     layout_roguey, argonaut_gorgonesque, uniq_rupert, uniq_frances
Temple:   nicolae_temple_figure_eight
Lair:1:   layout_regular_city
Lair:2:   beast_lair_carwin_large_1, layout_cave_pods
Lair:3:   layout_big_grid, minmay_shoals_entry_centaurs, eino_house_with_fridge
Lair:4:   layout_gridlike, nicolae_spider_entry_non_spiders, basic_altar,
          lemuel_old_faithful
Lair:5:   layout_cave_pods, minmay_slime_entry_pillars
Lair:6:   cheibrodos_lair_end_hotspot, layout_gridlike, pond
Orc:1:    layout_caves, trog_book, uniq_maurice
Orc:2:    st_orc_rangers, layout_diamond_mine, lemuel_statue_altar
Ossuary:  ossuary_tomb_2

Skill      XL: |  1  2  3  4  5  6  7  8  9 10 11 12 13 14 |
---------------+-------------------------------------------+-----
Transmutations | 3 4 5 6 |  6.1
Spellcasting   | 3 4 |  4.8
Ice Magic      | 1 3 |  3.7
Unarmed Combat | 7 10 11 12 14 15 | 15.8
Fighting       | 6 9 10 11 | 11.2
Dodging        | 5 7 8 10 12 | 12.8
Stealth        | 3 7 |  7.2

Action                   |  1- 3 |  4- 6 |  7- 9 | 10-12 | 13-15 || total
-------------------------+-------+-------+-------+-------+-------++-------
Melee: Unarmed           |    56 |   102 |   254 |   448 |   530 ||  1390
       Kick              |     6 |     8 |       |       |       ||    14
       Tentacles         |     6 |    16 |     5 |     1 |    14 ||    42
       Constrict         |    16 |    18 |     8 |     2 |    10 ||    54
       Dagger            |    13 |    68 |    30 |       |       ||   111
       Punch             |     1 |     3 |     1 |       |     4 ||     9
 Cast: Beastly Appendage |     7 |     9 |       |       |       ||    16
       Spider Form       |     2 |    18 |       |       |       ||    20
       Sticks to Snakes  |     1 |     5 |    10 |    45 |    24 ||    85
       Ice Form          |       |     2 |    29 |    62 |    61 ||   154
       Blade Hands       |       |       |       |       |     4 ||     4
Invok: Call Merchant     |       |       |       |     1 |       ||     1
       Potion Petition   |       |       |       |       |     3 ||     3
 Abil: End Transformatio |       |       |       |       |     1 ||     1
  Use: Scroll            |       |     2 |     7 |     1 |     8 ||    18
       Potion            |       |       |     2 |     4 |     5 ||    11
 Stab: Sleeping          |     1 |     6 |     6 |     9 |     8 ||    30
       Distracted        |       |     1 |     2 |     3 |     6 ||    12
  Eat: Chunk             |     2 |    12 |     7 |       |       ||    21
       Ration            |       |     1 |     4 |    12 |    12 ||    29
Armor: Skin              |     4 |    18 |    47 |    60 |    47 ||   176
Dodge: Dodged            |    39 |   150 |   118 |   235 |   366 ||   908
Block: Other             |       |       |    16 |    46 |    54 ||   116
       Reflection        |       |       |       |     1 |    14 ||    15

Table legend:
 A = Non-vault XP
 B = Vault XP
 C = Vault XP percentage of total XP
 D = Non-vault monster count
 E = Vault monster count
 F = Vault count percentage of total count
                 A         B        C        D         E       F
            +---------+---------+-------+---------+---------+-------
      Total |   49220 |   28945 |  37.0 |     386 |     187 |  32.6
            +---------+---------+-------+---------+---------+-------
        D:1 |      49 |       0 |   0.0 |      24 |       0 |   0.0
        D:2 |     159 |      36 |  18.5 |      31 |       1 |   3.1
        D:3 |      79 |       5 |   6.0 |      23 |       1 |   4.2
        D:4 |     196 |     661 |  77.1 |      19 |       3 |  13.6
        D:5 |     332 |     102 |  23.5 |       6 |       2 |  25.0
        D:6 |     281 |       0 |   0.0 |       6 |       0 |   0.0
        D:7 |     697 |     266 |  27.6 |      18 |       8 |  30.8
        D:8 |    1777 |     264 |  12.9 |      16 |       8 |  33.3
        D:9 |    2494 |    4751 |  65.6 |      25 |      13 |  34.2
       D:10 |    3005 |    4588 |  60.4 |      29 |       7 |  19.4
       D:11 |    2919 |     816 |  21.8 |      35 |       1 |   2.8
       D:12 |     329 |       0 |   0.0 |       7 |       0 |   0.0
     Lair:1 |    2513 |       0 |   0.0 |      11 |       0 |   0.0
     Lair:2 |    5703 |    1656 |  22.5 |      20 |       9 |  31.0
     Lair:3 |    1891 |    1426 |  43.0 |       6 |      17 |  73.9
     Lair:4 |    2189 |     315 |  12.6 |      11 |       8 |  42.1
     Lair:5 |    6479 |     617 |   8.7 |      29 |       4 |  12.1
     Lair:6 |   15523 |    8206 |  34.6 |      41 |      36 |  46.8
      Orc:1 |    1403 |       0 |   0.0 |      13 |       0 |   0.0
      Orc:2 |    1202 |    4791 |  79.9 |      16 |      37 |  69.8
    Ossuary |       0 |     445 | 100.0 |       0 |      32 | 100.0
            +---------+---------+-------+---------+---------+-------
